Workbook
Name ANIO: '[1]Info General'!$D$20
Name APP_FIN_04: IAODF!$E$13
Name APP_FIN_06: IAODF!$G$13
Name APP_FIN_07: IAODF!$H$13
Name APP_FIN_08: IAODF!$I$13
Name APP_FIN_09: IAODF!$J$13
Name APP_FIN_10: IAODF!$K$13
Name APP_T10: IAODF!$K$8
Name APP_T4: IAODF!$E$8
Name APP_T6: IAODF!$G$8
Name APP_T7: IAODF!$H$8
Name APP_T8: IAODF!$I$8
Name APP_T9: IAODF!$J$8
Name DEUDA_CONT_FIN_01: EADYOP!$B$26
Name DEUDA_CONT_FIN_02: EADYOP!$C$26
Name DEUDA_CONT_FIN_03: EADYOP!$D$26
Name DEUDA_CONT_FIN_04: EADYOP!$E$26
Name DEUDA_CONT_FIN_05: EADYOP!$F$26
Name DEUDA_CONT_FIN_06: EADYOP!$G$26
Name DEUDA_CONT_FIN_07: EADYOP!$H$26
Name ENTE_PUBLICO_A: '[1]Info General'!$C$7
Name GASTO_E_FIN_01: 'EAEPED b)'!$B$28
Name GASTO_E_FIN_02: 'EAEPED b)'!$C$28
Name GASTO_E_FIN_03: 'EAEPED b)'!$D$28
Name GASTO_E_FIN_04: 'EAEPED b)'!$E$28
Name GASTO_E_FIN_05: 'EAEPED b)'!$F$28
Name GASTO_E_FIN_06: 'EAEPED b)'!$G$28
Name GASTO_E_T1: 'EAEPED b)'!$B$19
Name GASTO_E_T2: 'EAEPED b)'!$C$19
Name GASTO_E_T3: 'EAEPED b)'!$D$19
Name GASTO_E_T4: 'EAEPED b)'!$E$19
Name GASTO_E_T5: 'EAEPED b)'!$F$19
Name GASTO_E_T6: 'EAEPED b)'!$G$19
Name GASTO_NE_FIN_01: 'EAEPED b)'!$B$18
Name GASTO_NE_FIN_02: 'EAEPED b)'!$C$18
Name GASTO_NE_FIN_03: 'EAEPED b)'!$D$18
Name GASTO_NE_FIN_04: 'EAEPED b)'!$E$18
Name GASTO_NE_FIN_05: 'EAEPED b)'!$F$18
Name GASTO_NE_FIN_06: 'EAEPED b)'!$G$18
Name GASTO_NE_T1: 'EAEPED b)'!$B$9
Name GASTO_NE_T2: 'EAEPED b)'!$C$9
Name GASTO_NE_T3: 'EAEPED b)'!$D$9
Name GASTO_NE_T4: 'EAEPED b)'!$E$9
Name GASTO_NE_T5: 'EAEPED b)'!$F$9
Name GASTO_NE_T6: 'EAEPED b)'!$G$9
Name MONTO1: '[1]Info General'!$D$18
Name MONTO2: '[1]Info General'!$E$18
Name OB_CORTO_PLAZO_FIN_01: EADYOP!$B$45
Name OB_CORTO_PLAZO_FIN_02: EADYOP!$C$45
Name OB_CORTO_PLAZO_FIN_03: EADYOP!$D$45
Name OB_CORTO_PLAZO_FIN_04: EADYOP!$E$45
Name OB_CORTO_PLAZO_FIN_05: EADYOP!$F$45
Name OTROS_FIN_04: IAODF!$E$19
Name OTROS_FIN_06: IAODF!$G$19
Name OTROS_FIN_07: IAODF!$H$19
Name OTROS_FIN_08: IAODF!$I$19
Name OTROS_FIN_09: IAODF!$J$19
Name OTROS_FIN_10: IAODF!$K$19
Name OTROS_T10: IAODF!$K$14
Name OTROS_T4: IAODF!$E$14

Sheet ESFD
C1: Formato 1 Estado de Situación Financiera Detallado - LDF
C2: AUDITORIA SUPERIOR DEL ESTADO, GOBIERNO DEL ESTADO DE DURANGO
C3: Estado de Situación Financiera Detallado - LDF
C4: Al 31 de diciembre de 2024
C5: (PESOS)
C6: Concepto (c) | D6: 2024 | E6: 31 de diciembre de 2023 | F6: Concepto (c) | G6: 2024 | H6: 31 de diciembre de 2023
C7: ACTIVO | F7: PASIVO
C8: Activo Circulante | F8: Pasivo Circulante
C9: a. Efectivo y Equivalentes (a=a1+a2+a3+a4+a5+a6+a7) | D9: =SUM(D10:D16) -> 9266376.8 | E9: =SUM(E10:E16) -> 7987384.2 | F9: a. Cuentas por Pagar a Corto Plazo (a=a1+a2+a3+a4+a5+a6+a7+a8+a9) | G9: =SUM(G10:G18) -> 3063252.1 | H9: =SUM(H10:H18) -> 2483497.7
C10: a1) Efectivo | D10: 0 | E10: 0 | F10: a1) Servicios Personales por Pagar a Corto Plazo | G10: =1711076+733134.05 -> 2444210 | H10: 630926
C11: a2) Bancos/Tesorería | D11: 9261069.8 | E11: 7982077.2 | F11: a2) Proveedores por Pagar a Corto Plazo | G11: 93779.17 | H11: 109724.7
C12: a3) Bancos/Dependencias y Otros | D12: 0 | E12: 0 | F12: a3) Contratistas por Obras Públicas por Pagar a Corto Plazo | G12: 0 | H12: 0
C13: a4) Inversiones Temporales (Hasta 3 meses) | D13: 0 | E13: 0 | F13: a4) Participaciones y Aportaciones por Pagar a Corto Plazo | G13: 0 | H13: 0
C14: a5) Fondos con Afectación Específica | D14: 0 | E14: 0 | F14: a5) Transferencias Otorgadas por Pagar a Corto Plazo | G14: 0 | H14: 0
C15: a6) Depósitos de Fondos de Terceros en Garantía y/o Administración | D15: 5307 | E15: 5307 | F15: a6) Intereses, Comisiones y Otros Gastos de la Deuda Pública por Pagar a Corto Plazo | G15: 0 | H15: 0
C16: a7) Otros Efectivos y Equivalentes | D16: 0 | E16: 0 | F16: a7) Retenciones y Contribuciones por Pagar a Corto Plazo | G16: 510701.4 | H16: 415016.45
C17: b. Derechos a Recibir Efectivo o Equivalentes (b=b1+b2+b3+b4+b5+b6+b7) | D17: =SUM(D18:D24) -> 178669.2 | E17: =SUM(E18:E24) -> 150594.72 | F17: a8) Devoluciones de la Ley de Ingresos por Pagar a Corto Plazo | G17: 0 | H17: 0
C18: b1) Inversiones Financieras de Corto Plazo | D18: 0 | E18: 0 | F18: a9) Otras Cuentas por Pagar a Corto Plazo | G18: 14561.49 | H18: 1327830.5
C19: b2) Cuentas por Cobrar a Corto Plazo | D19: 0 | E19: 0 | F19: b. Documentos por Pagar a Corto Plazo (b=b1+b2+b3) | G19: =SUM(G20:G22) -> 0 | H19: =SUM(H20:H22) -> 0
C20: b3) Deudores Diversos por Cobrar a Corto Plazo | D20: 178669.2 | E20: 150594.72 | F20: b1) Documentos Comerciales por Pagar a Corto Plazo | G20: 0 | H20: 0
C21: b4) Ingresos por Recuperar a Corto Plazo | D21: 0 | E21: 0 | F21: b2) Documentos con Contratistas por Obras Públicas por Pagar a Corto Plazo | G21: 0 | H21: 0
C22: b5) Deudores por Anticipos de la Tesorería a Corto Plazo | D22: 0 | E22: 0 | F22: b3) Otros Documentos por Pagar a Corto Plazo | G22: 0 | H22: 0
C23: b6) Préstamos Otorgados a Corto Plazo | D23: 0 | E23: 0 | F23: c. Porción a Corto Plazo de la Deuda Pública a Largo Plazo (c=c1+c2) | G23: =G24+G25 -> 0 | H23: =H24+H25 -> 0
C24: b7) Otros Derechos a Recibir Efectivo o Equivalentes a Corto Plazo | D24: 0 | E24: 0 | F24: c1) Porción a Corto Plazo de la Deuda Pública | G24: 0 | H24: 0
C25: c. Derechos a Recibir Bienes o Servicios (c=c1+c2+c3+c4+c5) | D25: =SUM(D26:D30) -> 0 | E25: =SUM(E26:E30) -> 0 | F25: c2) Porción a Corto Plazo de Arrendamiento Financiero | G25: 0 | H25: 0
C26: c1) Anticipo a Proveedores por Adquisición de Bienes y Prestación de Servicios a Corto Plazo | D26: 0 | E26: 0 | F26: d. Títulos y Valores a Corto Plazo | G26: 0 | H26: 0
C27: c2) Anticipo a Proveedores por Adquisición de Bienes Inmuebles y Muebles a Corto Plazo | D27: 0 | E27: 0 | F27: e. Pasivos Diferidos a Corto Plazo (e=e1+e2+e3) | G27: =SUM(G28:G30) -> 0 | H27: =SUM(H28:H30) -> 0
C28: c3) Anticipo a Proveedores por Adquisición de Bienes Intangibles a Corto Plazo | D28: 0 | E28: 0 | F28: e1) Ingresos Cobrados por Adelantado a Corto Plazo | G28: 0 | H28: 0
C29: c4) Anticipo a Contratistas por Obras Públicas a Corto Plazo | D29: 0 | E29: 0 | F29: e2) Intereses Cobrados por Adelantado a Corto Plazo | G29: 0 | H29: 0
C30: c5) Otros Derechos a Recibir Bienes o Servicios a Corto Plazo | D30: 0 | E30: 0 | F30: e3) Otros Pasivos Diferidos a Corto Plazo | G30: 0 | H30: 0
C31: d. Inventarios (d=d1+d2+d3+d4+d5) | D31: =SUM(D32:D36) -> 0 | E31: =SUM(E32:E36) -> 0 | F31: f. Fondos y Bienes de Terceros en Garantía y/o Administración a Corto Plazo (f=f1+f2+f3+f4+f5+f6) | G31: =SUM(G32:G37) -> 0 | H31: =SUM(H32:H37) -> 0
C32: d1) Inventario de Mercancías para Venta | D32: 0 | E32: 0 | F32: f1) Fondos en Garantía a Corto Plazo | G32: 0 | H32: 0
C33: d2) Inventario de Mercancías Terminadas | D33: 0 | E33: 0 | F33: f2) Fondos en Administración a Corto Plazo | G33: 0 | H33: 0
C34: d3) Inventario de Mercancías en Proceso de Elaboración | D34: 0 | E34: 0 | F34: f3) Fondos Contingentes a Corto Plazo | G34: 0 | H34: 0
C35: d4) Inventario de Materias Primas, Materiales y Suministros para Producción | D35: 0 | E35: 0 | F35: f4) Fondos de Fideicomisos, Mandatos y Contratos Análogos a Corto Plazo | G35: 0 | H35: 0
C36: d5) Bienes en Tránsito | D36: 0 | E36: 0 | F36: f5) Otros Fondos de Terceros en Garantía y/o Administración a Corto Plazo | G36: 0 | H36: 0
C37: e. Almacenes | D37: 0 | E37: 0 | F37: f6) Valores y Bienes en Garantía a Corto Plazo | G37: 0 | H37: 0
C38: f. Estimación por Pérdida o Deterioro de Activos Circulantes (f=f1+f2) | D38: =SUM(D39:D40) -> 0 | E38: =SUM(E39:E40) -> 0 | F38: g. Provisiones a Corto Plazo (g=g1+g2+g3) | G38: =SUM(G39:G41) -> 0 | H38: =SUM(H39:H41) -> 0
C39: f1) Estimaciones para Cuentas Incobrables por Derechos a Recibir Efectivo o Equivalentes | D39: 0 | E39: 0 | F39: g1) Provisión para Demandas y Juicios a Corto Plazo | G39: 0 | H39: 0
C40: f2) Estimación por Deterioro de Inventarios | D40: 0 | E40: 0 | F40: g2) Provisión para Contingencias a Corto Plazo | G40: 0 | H40: 0
C41: g. Otros Activos Circulantes (g=g1+g2+g3+g4) | D41: =SUM(D42:D45) -> 0 | E41: =SUM(E42:E45) -> 0 | F41: g3) Otras Provisiones a Corto Plazo | G41: 0 | H41: 0
C42: g1) Valores en Garantía | D42: 0 | E42: 0 | F42: h. Otros Pasivos a Corto Plazo (h=h1+h2+h3) | G42: =SUM(G43:G45) -> 0 | H42: =SUM(H43:H45) -> 0
C43: g2) Bienes en Garantía (excluye depósitos de fondos) | D43: 0 | E43: 0 | F43: h1) Ingresos por Clasificar | G43: 0 | H43: 0
C44: g3) Bienes Derivados de Embargos, Decomisos, Aseguramientos y Dación en Pago | D44: 0 | E44: 0 | F44: h2) Recaudación por Participar | G44: 0 | H44: 0
C45: g4) Adquisición con Fondos de Terceros | D45: 0 | E45: 0 | F45: h3) Otros Pasivos Circulantes | G45: 0 | H45: 0
C47: IA. Total de Activos Circulantes (IA = a + b + c + d + e + f + g) | D47: =D9+D17+D25+D31+D38+D41 -> 9445046 | E47: =E9+E17+E25+E31+E38+E41 -> 8137979 | F47: IIA. Total de Pasivos Circulantes (IIA = a + b + c + d + e + f + g + h) | G47: =G9+G19+G23+G26+G27+G31+G38+G42 -> 3063252.1 | H47: =H9+H19+H23+H26+H27+H31+H38+H42 -> 2483497.7
C49: Activo No Circulante | F49: Pasivo No Circulante
C50: a. Inversiones Financieras a Largo Plazo | D50: 0 | E50: 0 | F50: a. Cuentas por Pagar a Largo Plazo | G50: 0 | H50: 0
C51: b. Derechos a Recibir Efectivo o Equivalentes a Largo Plazo | D51: 0 | E51: 0 | F51: b. Documentos por Pagar a Largo Plazo | G51: 0 | H51: 0
C52: c. Bienes Inmuebles, Infraestructura y Construcciones en Proceso | D52: 31051799 | E52: 31051799 | F52: c. Deuda Pública a Largo Plazo | G52: 0 | H52: 0
C53: d. Bienes Muebles | D53: 18666409 | E53: 18143141 | F53: d. Pasivos Diferidos a Largo Plazo | G53: 0 | H53: 0
C54: e. Activos Intangibles | D54: 1603446.4 | E54: 1603446.4 | F54: e. Fondos y Bienes de Terceros en Garantía y/o en Administración a Largo Plazo | G54: 0 | H54: 0
C55: f. Depreciación, Deterioro y Amortización Acumulada de Bienes | D55: -30001248 | E55: -28328848 | F55: f. Provisiones a Largo Plazo | G55: 0 | H55: 0
C56: g. Activos Diferidos | D56: 0 | E56: 0
C57: h. Estimación por Pérdida o Deterioro de Activos no Circulantes | D57: 0 | E57: 0 | F57: IIB. Total de Pasivos No Circulantes (IIB = a + b + c + d + e + f) | G57: =SUM(G50:G55) -> 0 | H57: =SUM(H50:H55) -> 0
C58: i. Otros Activos no Circulantes | D58: 0 | E58: 0
F59: II. Total del Pasivo (II = IIA + IIB) | G59: =G47+G57 -> 3063252.1 | H59: =H47+H57 -> 2483497.7
C60: IB. Total de Activos No Circulantes (IB = a + b + c + d + e + f + g + h + i) | D60: =SUM(D50:D58) -> 21320407 | E60: =SUM(E50:E58) -> 22469539
F61: HACIENDA PÚBLICA/PATRIMONIO
C62: I. Total del Activo (I = IA + IB) | D62: =SUM(D47+D60) -> 30765453 | E62: =SUM(E47+E60) -> 30607518
F63: IIIA. Hacienda Pública/Patrimonio Contribuido (IIIA = a + b + c) | G63: =SUM(G64:G66) -> 20906079 | H63: =SUM(H64:H66) -> 20906078
F64: a. Aportaciones | G64: 20884839 | H64: 20884838
F65: b. Donaciones de Capital | G65: 21239.6 | H65: 21240
F66: c. Actualización de la Hacienda Pública/Patrimonio | G66: 0 | H66: 0
F68: IIIB. Hacienda Pública/Patrimonio Generado (IIIB = a + b + c + d + e) | G68: =SUM(G69:G73) -> 6796122.1 | H68: =SUM(H69:H73) -> 7217942
F69: a. Resultados del Ejercicio (Ahorro/ Desahorro) | G69: -422801.41 | H69: -1715677
F70: b. Resultados de Ejercicios Anteriores | G70: 7218923.5 | H70: 8933619
F71: c. Revalúos | G71: 0 | H71: 0
F72: d. Reservas | G72: 0 | H72: 0
F73: e. Rectificaciones de Resultados de Ejercicios Anteriores | G73: 0 | H73: 0
F75: IIIC. Exceso o Insuficiencia en la Actualización de la Hacienda Pública/Patrimonio (IIIC=a+b) | G75: =G76+G77 -> 0 | H75: =H76+H77 -> 0
F76: a. Resultado por Posición Monetaria | G76: 0 | H76: 0
F77: b. Resultado por Tenencia de Activos no Monetarios | G77: 0 | H77: 0
F79: III. Total Hacienda Pública/Patrimonio (III = IIIA + IIIB + IIIC) | G79: =G63+G68+G75 -> 27702201 | H79: =H63+H68+H75 -> 28124020
F81: IV. Total del Pasivo y Hacienda Pública/Patrimonio (IV = II + III) | G81: =G59+G79 -> 30765453 | H81: =H59+H79 -> 30607518

Sheet EADYOP
A1: Formato 2 Informe Analítico de la Deuda Pública y Otros Pasivos - LDF
A2: =+ESFD!C2 -> AUDITORIA SUPERIOR DEL ESTADO, GOBIERNO DEL ESTADO DE DURANGO
A3: Informe Analítico de la Deuda Pública y Otros Pasivos - LDF
A4: =+ESFD!C4 -> Al 31 de diciembre de 2024
A5: (PESOS)
A6: Denominación de la Deuda Pública y Otros Pasivos (c) | B6: Saldo al 31 de diciembre de 2024 | C6: Disposiciones del Periodo (e) | D6: Amortizaciones del Periodo (f) | E6: Revaluaciones, Reclasificaciones y Otros Ajustes (g) | F6: Saldo Final del Periodo (h) h=d+e-f+g | G6: Pago de Intereses del Periodo (i) | H6: Pago de Comisiones y demás costos asociados durante el Periodo (j)
A8: 1. Deuda Pública (1=A+B) | B8: =B9+B13 -> 0 | C8: =C9+C13 -> 0 | D8: =D9+D13 -> 0 | E8: =E9+E13 -> 0 | F8: =F9+F13 -> 0 | G8: =G9+G13 -> 0 | H8: =H9+H13 -> 0
A9: A. Corto Plazo (A=a1+a2+a3) | B9: =SUM(B10:B12) -> 0 | C9: =SUM(C10:C12) -> 0 | D9: =SUM(D10:D12) -> 0 | E9: =SUM(E10:E12) -> 0 | F9: =SUM(F10:F12) -> 0 | G9: =SUM(G10:G12) -> 0 | H9: =SUM(H10:H12) -> 0
A10: a1) Instituciones de Crédito | B10: 0 | C10: 0 | D10: 0 | E10: 0 | F10: 0 | G10: 0 | H10: 0
A11: a2) Títulos y Valores | B11: 0 | C11: 0 | D11: 0 | E11: 0 | F11: 0 | G11: 0 | H11: 0
A12: a3) Arrendamientos Financieros | B12: 0 | C12: 0 | D12: 0 | E12: 0 | F12: 0 | G12: 0 | H12: 0
A13: B. Largo Plazo (B=b1+b2+b3) | B13: =SUM(B14:B16) -> 0 | C13: =SUM(C14:C16) -> 0 | D13: =SUM(D14:D16) -> 0 | E13: =SUM(E14:E16) -> 0 | F13: =SUM(F14:F16) -> 0 | G13: =SUM(G14:G16) -> 0 | H13: =SUM(H14:H16) -> 0
A14: b1) Instituciones de Crédito | B14: 0 | C14: 0 | D14: 0 | E14: 0 | F14: 0 | G14: 0 | H14: 0
A15: b2) Títulos y Valores | B15: 0 | C15: 0 | D15: 0 | E15: 0 | F15: 0 | G15: 0 | H15: 0
A16: b3) Arrendamientos Financieros | B16: 0 | C16: 0 | D16: 0 | E16: 0 | F16: 0 | G16: 0 | H16: 0
A18: 2. Otros Pasivos | B18: 3063252.1 | F18: 3063252.1
A20: 3. Total de la Deuda Pública y Otros Pasivos (3=1+2) | B20: =B8+B18 -> 3063252.1 | C20: =C8+C18 -> 0 | D20: =D8+D18 -> 0 | E20: =E8+E18 -> 0 | F20: =F8+F18 -> 3063252.1 | G20: =G8+G18 -> 0 | H20: =H8+H18 -> 0
A22: 4. Deuda Contingente 1 (Informativo) | B22: =SUM(B23:DEUDA_CONT_FIN_01) -> 0 | C22: =SUM(C23:DEUDA_CONT_FIN_02) -> 0 | D22: =SUM(D23:DEUDA_CONT_FIN_03) -> 0 | E22: =SUM(E23:DEUDA_CONT_FIN_04) -> 0 | F22: =SUM(F23:DEUDA_CONT_FIN_05) -> 0 | G22: =SUM(G23:DEUDA_CONT_FIN_06) -> 0 | H22: =SUM(H23:DEUDA_CONT_FIN_07) -> 0
A23: A. Deuda Contingente 1 | B23: 0 | C23: 0 | D23: 0 | E23: 0 | F23: 0 | G23: 0 | H23: 0
A24: B. Deuda Contingente 2 | B24: 0 | C24: 0 | D24: 0 | E24: 0 | F24: 0 | G24: 0 | H24: 0
A25: C. Deuda Contingente XX | B25: 0 | C25: 0 | D25: 0 | E25: 0 | F25: 0 | G25: 0 | H25: 0
A26: *
A27: 5. Valor de Instrumentos Bono Cupón Cero 2 (Informativo) | B27: =SUM(B28:VALOR_INS_BCC_FIN_01) -> 0 | C27: =SUM(C28:VALOR_INS_BCC_FIN_02) -> 0 | D27: =SUM(D28:VALOR_INS_BCC_FIN_03) -> 0 | E27: =SUM(E28:VALOR_INS_BCC_FIN_04) -> 0 | F27: =SUM(F28:VALOR_INS_BCC_FIN_05) -> 0 | G27: =SUM(G28:VALOR_INS_BCC_FIN_06) -> 0 | H27: =SUM(H28:VALOR_INS_BCC_FIN_07) -> 0
A28: A. Instrumento Bono Cupón Cero 1 | B28: 0 | C28: 0 | D28: 0 | E28: 0 | F28: 0 | G28: 0 | H28: 0
A29: B. Instrumento Bono Cupón Cero 2 | B29: 0 | C29: 0 | D29: 0 | E29: 0 | F29: 0 | G29: 0 | H29: 0
A30: C. Instrumento Bono Cupón Cero XX | B30: 0 | C30: 0 | D30: 0 | E30: 0 | F30: 0 | G30: 0 | H30: 0
A31: *
A33: 1 Se refiere a cualquier Financiamiento sin fuente o garantía de pago definida, que sea asumida de manera solidaria o subsidiaria por las Entidades Federativas con sus Municipios, organismos descentralizados y empresas de participación estatal mayoritaria y fideicomisos, locales o municipales, y por los Municipios con sus respectivos organismos descentralizados y empresas de participación municipal mayoritaria. 2 Se refiere al valor del Bono Cupón Cero que respalda el pago de los créditos asociados al mismo (Activo).
A39: Obligaciones a Corto Plazo (k) | B39: Monto Contratado (l) | C39: Plazo Pactado (m) | D39: Tasa de Interés (n) | E39: Comisiones y Costos Relacionados (o) | F39: Tasa Efectiva (p)
A41: 6. Obligaciones a Corto Plazo (Informativo) | B41: =SUM(B42:OB_CORTO_PLAZO_FIN_01) -> 0 | C41: =SUM(C42:OB_CORTO_PLAZO_FIN_02) -> 0 | D41: =SUM(D42:OB_CORTO_PLAZO_FIN_03) -> 0 | E41: =SUM(E42:OB_CORTO_PLAZO_FIN_04) -> 0 | F41: =SUM(F42:OB_CORTO_PLAZO_FIN_05) -> 0
A42: A. Crédito 1 | B42: 0 | C42: 0 | D42: 0 | E42: 0 | F42: 0
A43: B. Crédito 2 | B43: 0 | C43: 0 | D43: 0 | E43: 0 | F43: 0
A44: C. Crédito XX | B44: 0 | C44: 0 | D44: 0 | E44: 0 | F44: 0
A45: *

Sheet IAODF
A1: Formato 3 Informe Analítico de Obligaciones Diferentes de Financiamientos - LDF
A2: =+EADYOP!A2 -> AUDITORIA SUPERIOR DEL ESTADO, GOBIERNO DEL ESTADO DE DURANGO
A3: Informe Analítico de Obligaciones Diferentes de Financiamientos – LDF
A4: =+EADYOP!A4 -> Al 31 de diciembre de 2024
A5: (PESOS)
A6: Denominación de las Obligaciones Diferentes de Financiamiento (c) | B6: Fecha del Contrato (d) | C6: Fecha de inicio de operación del proyecto (e) | D6: Fecha de vencimiento (f) | E6: Monto de la inversión pactado (g) | F6: Plazo pactado (h) | G6: Monto promedio mensual del pago de la contraprestación (i) | H6: Monto promedio mensual del pago de la contraprestación correspondiente al pago de inversión (j) | I6: =MONTO1 -> Monto pagado de la inversión al 30 de marzo de 2017 (k) | J6: =MONTO2 -> Monto pagado de la inversión actualizado al 30 de marzo de 2017 (l) | K6: =SALDO_PENDIENTE -> Saldo pendiente por pagar de la inversión al 30 de marzo de 2017 (m = g – l)
A8: A. Asociaciones Público Privadas (APP’s) (A=a+b+c+d) | E8: =SUM(E9:APP_FIN_04) -> 0 | G8: =SUM(G9:APP_FIN_06) -> 0 | H8: =SUM(H9:APP_FIN_07) -> 0 | I8: =SUM(I9:APP_FIN_08) -> 0 | J8: =SUM(J9:APP_FIN_09) -> 0 | K8: =SUM(K9:APP_FIN_10) -> 0
A9: a) APP 1 | E9: 0 | F9: 0
A10: b) APP 2 | E10: 0 | F10: 0
A11: c) APP 3 | E11: 0 | F11: 0
A12: d) APP XX | E12: 0 | F12: 0
A13: *
A14: B. Otros Instrumentos (B=a+b+c+d) | E14: =SUM(E15:OTROS_FIN_04) -> 0 | G14: =SUM(G15:OTROS_FIN_06) -> 0 | H14: =SUM(H15:OTROS_FIN_07) -> 0 | I14: =SUM(I15:OTROS_FIN_08) -> 0 | J14: =SUM(J15:OTROS_FIN_09) -> 0 | K14: =SUM(K15:OTROS_FIN_10) -> 0
A15: a) Otro Instrumento 1 | E15: 0 | F15: 0
A16: b) Otro Instrumento 2 | E16: 0 | F16: 0
A17: c) Otro Instrumento 3 | E17: 0 | F17: 0
A18: d) Otro Instrumento XX | E18: 0 | F18: 0
A19: *
A20: C. Total de Obligaciones Diferentes de Financiamiento (C=A+B) | E20: =APP_T4+OTROS_T4 -> 0 | G20: =APP_T6+OTROS_T6 -> 0 | H20: =APP_T7+OTROS_T7 -> 0 | I20: =APP_T8+OTROS_T8 -> 0 | J20: =APP_T9+OTROS_T9 -> 0 | K20: =APP_T10+OTROS_T10 -> 0

Sheet BP
A1: Formato 4 Balance Presupuestario - LDF
A2: =+ESFD!C2 -> AUDITORIA SUPERIOR DEL ESTADO, GOBIERNO DEL ESTADO DE DURANGO
A3: Balance Presupuestario - LDF
A4: =+ESFD!C4 -> Al 31 de diciembre de 2024
A5: (PESOS)
A7: Concepto (c) | B7: Estimado/ Aprobado (d) | C7: Devengado | D7: Recaudado/ Pagado
A8: A. Ingresos Totales (A = A1+A2+A3) | B8: =SUM(B9:B11) -> 45073660 | C8: =SUM(C9:C11) -> 53044415 | D8: =SUM(D9:D11) -> 53044415
A9: A1. Ingresos de Libre Disposición | B9: 45073660 | C9: 53044415 | D9: 53044415
A10: A2. Transferencias Federales Etiquetadas | B10: 0 | C10: 0 | D10: 0
A11: A3. Financiamiento Neto | B11: =B44 -> 0 | C11: =C44 -> 0 | D11: =D44 -> 0
A13: B. Egresos Presupuestarios1 (B = B1+B2) | B13: =B14+B15 -> 0 | C13: =C14+C15 -> 0 | D13: =D14+D15 -> 0
A14: B1. Gasto No Etiquetado (sin incluir Amortización de la Deuda Pública) | B14: 0 | C14: 0 | D14: 0
A15: B2. Gasto Etiquetado (sin incluir Amortización de la Deuda Pública) | B15: 0 | C15: 0 | D15: 0
A17: C. Remanentes del Ejercicio Anterior ( C = C1 + C2 ) | B17: =B18+B19 -> 0 | C17: =C18+C19 -> 0 | D17: =D18+D19 -> 0
A18: C1. Remanentes de Ingresos de Libre Disposición aplicados en el periodo | B18: 0 | C18: 0 | D18: 0
A19: C2. Remanentes de Transferencias Federales Etiquetadas aplicados en el periodo | B19: 0 | C19: 0 | D19: 0
A21: I. Balance Presupuestario (I = A – B + C) | B21: =B8-B13+B17 -> 45073660 | C21: =C8-C13+C17 -> 53044415 | D21: =D8-D13+D17 -> 53044415
A23: II. Balance Presupuestario sin Financiamiento Neto (II = I - A3) | B23: =B21-B11 -> 45073660 | C23: =C21-C11 -> 53044415 | D23: =D21-D11 -> 53044415
A25: III. Balance Presupuestario sin Financiamiento Neto y sin Remanentes del Ejercicio Anterior (III= II - C) | B25: =B23-B17 -> 45073660 | C25: =C23-C17 -> 53044415 | D25: =D23-D17 -> 53044415
A28: Concepto | B28: Aprobado | C28: Devengado | D28: Pagado
A29: E. Intereses, Comisiones y Gastos de la Deuda (E = E1+E2) | B29: =B30+B31 -> 0 | C29: =C30+C31 -> 0 | D29: =D30+D31 -> 0
A30: E1. Intereses, Comisiones y Gastos de la Deuda con Gasto No Etiquetado | B30: 0 | C30: 0 | D30: 0
A31: E2. Intereses, Comisiones y Gastos de la Deuda con Gasto Etiquetado | B31: 0 | C31: 0 | D31: 0
A33: IV. Balance Primario (IV = III + E) | B33: =B25+B29 -> 45073660 | C33: =C25+C29 -> 53044415 | D33: =D25+D29 -> 53044415
A36: Concepto | B36: Estimado/ Aprobado | C36: Devengado | D36: Recaudado/ Pagado
A37: F. Financiamiento (F = F1 + F2) | B37: =B38+B39 -> 0 | C37: =C38+C39 -> 0 | D37: =D38+D39 -> 0
A38: F1. Financiamiento con Fuente de Pago de Ingresos de Libre Disposición | B38: 0 | C38: 0 | D38: 0
A39: F2. Financiamiento con Fuente de Pago de Transferencias Federales Etiquetadas | B39: 0 | C39: 0 | D39: 0
A40: G. Amortización de la Deuda (G = G1 + G2) | B40: =B41+B42 -> 0 | C40: =C41+C42 -> 0 | D40: =D41+D42 -> 0
A41: G1. Amortización de la Deuda Pública con Gasto No Etiquetado | B41: 0 | C41: 0 | D41: 0
A42: G2. Amortización de la Deuda Pública con Gasto Etiquetado | B42: 0 | C42: 0 | D42: 0
A44: A3. Financiamiento Neto (A3 = F – G ) | B44: =B37-B40 -> 0 | C44: =C37-C40 -> 0 | D44: =D37-D40 -> 0
A47: Concepto | B47: Estimado/ Aprobado | C47: Devengado | D47: Recaudado/ Pagado
A48: A1. Ingresos de Libre Disposición | B48: =B9 -> 45073660 | C48: =C9 -> 53044415 | D48: =D9 -> 53044415
A49: A3.1 Financiamiento Neto con Fuente de Pago de Ingresos de Libre Disposición (A3.1 = F1 – G1) | B49: =B50-B51 -> 0 | C49: =C50-C51 -> 0 | D49: =D50-D51 -> 0
A50: F1. Financiamiento con Fuente de Pago de Ingresos de Libre Disposición | B50: 0 | C50: 0 | D50: 0
A51: G1. Amortización de la Deuda Pública con Gasto No Etiquetado | B51: 0 | C51: 0 | D51: 0
A53: B1. Gasto No Etiquetado (sin incluir Amortización de la Deuda Pública) | B53: =B14 -> 0 | C53: =C14 -> 0 | D53: =D14 -> 0
A55: C1. Remanentes de Ingresos de Libre Disposición aplicados en el periodo | B55: =B18 -> 0 | C55: =C18 -> 0 | D55: =D18 -> 0
A57: V. Balance Presupuestario de Recursos Disponibles (V = A1 + A3.1 – B 1 + C1) | B57: =B48+B49-B53+B55 -> 45073660 | C57: =C48+C49-C53+C55 -> 53044415 | D57: =D48+D49-D53+D55 -> 53044415
A59: VI. Balance Presupuestario de Recursos Disponibles sin Financiamiento Neto (VI = V – A3.1) | B59: =B57-B49 -> 45073660 | C59: =C57-C49 -> 53044415 | D59: =D57-D49 -> 53044415
A62: Concepto | B62: Estimado/ Aprobado | C62: Devengado | D62: Recaudado/ Pagado
A63: A2. Transferencias Federales Etiquetadas | B63: =B10 -> 0 | C63: =C10 -> 0 | D63: =D10 -> 0
A64: A3.2 Financiamiento Neto con Fuente de Pago de Transferencias Federales Etiquetadas (A3.2 = F2 – G2) | B64: =B65-B66 -> 0 | C64: =C65-C66 -> 0 | D64: =D65-D66 -> 0
A65: F2. Financiamiento con Fuente de Pago de Transferencias Federales Etiquetadas | B65: 0 | C65: 0 | D65: 0
A66: G2. Amortización de la Deuda Pública con Gasto Etiquetado | B66: 0 | C66: 0 | D66: 0
A68: B2. Gasto Etiquetado (sin incluir Amortización de la Deuda Pública) | B68: =B15 -> 0 | C68: =C15 -> 0 | D68: =D15 -> 0
A70: C2. Remanentes de Transferencias Federales Etiquetadas aplicados en el periodo | B70: =B19 -> 0 | C70: =C19 -> 0 | D70: =D19 -> 0
A72: VII. Balance Presupuestario de Recursos Etiquetados (VII = A2 + A3.2 – B2 + C2) | B72: =B63+B64-B68+B70 -> 0 | C72: =C63+C64-C68+C70 -> 0 | D72: =D63+D64-D68+D70 -> 0
A74: VIII. Balance Presupuestario de Recursos Etiquetados sin Financiamiento Neto (VIII = VII – A3.2) | B74: =B72-B64 -> 0 | C74: =C72-C64 -> 0 | D74: =D72-D64 -> 0

Sheet EAID
A1: Formato 5 Estado Analítico de Ingresos Detallado - LDF
A2: =+ESFD!C2 -> AUDITORIA SUPERIOR DEL ESTADO, GOBIERNO DEL ESTADO DE DURANGO
A3: Estado Analitico del Ingreso Detallado - LDF
A4: =+ESFD!C4 -> Al 31 de diciembre de 2024
A5: (PESOS)
A6: Concepto (c) | B6: Ingreso | G6: Diferencia (e)
B7: Estimado (d) | C7: Ampliaciones/ (Reducciones) | D7: Modificado | E7: Devengado | F7: Recaudado
A8: Ingresos de Libre Disposición
A9: A. Impuestos | B9: 0 | C9: 0 | D9: 0 | E9: 0 | F9: 0 | G9: =F9-B9 -> 0
A10: B. Cuotas y Aportaciones de Seguridad Social | B10: 0 | C10: 0 | D10: 0 | E10: 0 | F10: 0 | G10: =F10-B10 -> 0
A11: C. Contribuciones de Mejoras | B11: 0 | C11: 0 | D11: 0 | E11: 0 | F11: 0 | G11: =F11-B11 -> 0
A12: D. Derechos | B12: 0 | C12: 0 | D12: 0 | E12: 0 | F12: 0 | G12: =F12-B12 -> 0
A13: E. Productos | B13: 0 | C13: 0 | D13: 0 | E13: 0 | F13: 0 | G13: =F13-B13 -> 0
A14: F. Aprovechamientos | B14: 0 | C14: 0 | D14: 0 | E14: 0 | F14: 0 | G14: =F14-B14 -> 0
A15: G. Ingresos por Ventas de Bienes y Servicios | B15: 0 | C15: 903455 | D15: 903455 | E15: 903455 | F15: 903455 | G15: =F15-B15 -> 903455
A16: H. Participaciones (H=h1+h2+h3+h4+h5+h6+h7+h8+h9+h10+h11) | B16: =SUM(B17:B27) -> 0 | C16: =SUM(C17:C27) -> 0 | D16: =SUM(D17:D27) -> 0 | E16: =SUM(E17:E27) -> 0 | F16: =SUM(F17:F27) -> 0 | G16: =SUM(G17:G27) -> 0
A17: h1) Fondo General de Participaciones | B17: 0 | C17: 0 | D17: 0 | E17: 0 | F17: 0 | G17: =F17-B17 -> 0
A18: h2) Fondo de Fomento Municipal | B18: 0 | C18: 0 | D18: 0 | E18: 0 | F18: 0 | G18: =F18-B18 -> 0
A19: h3) Fondo de Fiscalización y Recaudación | B19: 0 | C19: 0 | D19: 0 | E19: 0 | F19: 0 | G19: =F19-B19 -> 0
A20: h4) Fondo de Compensación | B20: 0 | C20: 0 | D20: 0 | E20: 0 | F20: 0 | G20: =F20-B20 -> 0
A21: h5) Fondo de Extracción de Hidrocarburos | B21: 0 | C21: 0 | D21: 0 | E21: 0 | F21: 0 | G21: =F21-B21 -> 0
A22: h6) Impuesto Especial Sobre Producción y Servicios | B22: 0 | C22: 0 | D22: 0 | E22: 0 | F22: 0 | G22: =F22-B22 -> 0
A23: h7) 0.136% de la Recaudación Federal Participable | B23: 0 | C23: 0 | D23: 0 | E23: 0 | F23: 0 | G23: =F23-B23 -> 0
A24: h8) 3.17% Sobre Extracción de Petróleo | B24: 0 | C24: 0 | D24: 0 | E24: 0 | F24: 0 | G24: =F24-B24 -> 0
A25: h9) Gasolinas y Diésel | B25: 0 | C25: 0 | D25: 0 | E25: 0 | F25: 0 | G25: =F25-B25 -> 0
A26: h10) Fondo del Impuesto Sobre la Renta | B26: 0 | C26: 0 | D26: 0 | E26: 0 | F26: 0 | G26: =F26-B26 -> 0
A27: h11) Fondo de Estabilización de los Ingresos de las Entidades Federativas | B27: 0 | C27: 0 | D27: 0 | E27: 0 | F27: 0 | G27: =F27-B27 -> 0
A28: I. Incentivos Derivados de la Colaboración Fiscal (I=i1+i2+i3+i4+i5) | B28: =SUM(B29:B33) -> 0 | C28: =SUM(C29:C33) -> 0 | D28: =SUM(D29:D33) -> 0 | E28: =SUM(E29:E33) -> 0 | F28: =SUM(F29:F33) -> 0 | G28: =SUM(G29:G33) -> 0
A29: i1) Tenencia o Uso de Vehículos | B29: 0 | C29: 0 | D29: 0 | E29: 0 | F29: 0 | G29: =F29-B29 -> 0
A30: i2) Fondo de Compensación ISAN | B30: 0 | C30: 0 | D30: 0 | E30: 0 | F30: 0 | G30: =F30-B30 -> 0
A31: i3) Impuesto Sobre Automóviles Nuevos | B31: 0 | C31: 0 | D31: 0 | E31: 0 | F31: 0 | G31: =F31-B31 -> 0
A32: i4) Fondo de Compensación de Repecos-Intermedios | B32: 0 | C32: 0 | D32: 0 | E32: 0 | F32: 0 | G32: =F32-B32 -> 0
A33: i5) Otros Incentivos Económicos | B33: 0 | C33: 0 | D33: 0 | E33: 0 | F33: 0 | G33: =F33-B33 -> 0
A34: J. Transferencias | B34: 0 | C34: 0 | D34: 0 | E34: 0 | F34: 0 | G34: =F34-B34 -> 0
A35: K. Convenios | B35: =B36 -> 0 | C35: =C36 -> 0 | D35: =D36 -> 0 | E35: =E36 -> 0 | F35: =F36 -> 0 | G35: =G36 -> 0
A36: k1) Otros Convenios y Subsidios | B36: 0 | C36: 0 | D36: 0 | E36: 0 | F36: 0 | G36: =F36-B36 -> 0
A37: L. Otros Ingresos de Libre Disposición (L=l1+l2) | B37: =B38+B39 -> 0 | C37: =C38+C39 -> 0 | D37: =D38+D39 -> 0 | E37: =E38+E39 -> 0 | F37: =F38+F39 -> 0 | G37: =G38+G39 -> 0
A38: l1) Participaciones en Ingresos Locales | B38: 0 | C38: 0 | D38: 0 | E38: 0 | F38: 0 | G38: =F38-B38 -> 0
A39: l2) Otros Ingresos de Libre Disposición | B39: 0 | C39: 0 | D39: 0 | E39: 0 | F39: 0 | G39: =F39-B39 -> 0
A41: I. Total de Ingresos de Libre Disposición (I=A+B+C+D+E+F+G+H+I+J+K+L) | B41: =SUM(B9,B10,B11,B12,B13,B14,B15,B16,B28,B34,B35,B37) -> 0 | C41: =SUM(C9,C10,C11,C12,C13,C14,C15,C16,C28,C34,C35,C37) -> 903455 | D41: =SUM(D9,D10,D11,D12,D13,D14,D15,D16,D28,D34,D35,D37) -> 903455 | E41: =SUM(E9,E10,E11,E12,E13,E14,E15,E16,E28,E34,E35,E37) -> 903455 | F41: =SUM(F9,F10,F11,F12,F13,F14,F15,F16,F28,F34,F35,F37) -> 903455 | G41: =SUM(G9,G10,G11,G12,G13,G14,G15,G16,G28,G34,G35,G37) -> 903455
A42: Ingresos Excedentes de Ingresos de Libre Disposición | G42: =IF(G41>0,G41,0) -> 903455
A44: Transferencias Federales Etiquetadas
A45: A. Aportaciones (A=a1+a2+a3+a4+a5+a6+a7+a8) | B45: =SUM(B46:B53) -> 0 | C45: =SUM(C46:C53) -> 0 | D45: =SUM(D46:D53) -> 0 | E45: =SUM(E46:E53) -> 0 | F45: =SUM(F46:F53) -> 0 | G45: =SUM(G46:G53) -> 0
A46: a1) Fondo de Aportaciones para la Nómina Educativa y Gasto Operativo | B46: 0 | C46: 0 | D46: 0 | E46: 0 | F46: 0 | G46: =F46-B46 -> 0
A47: a2) Fondo de Aportaciones para los Servicios de Salud | B47: 0 | C47: 0 | D47: 0 | E47: 0 | F47: 0 | G47: =F47-B47 -> 0
A48: a3) Fondo de Aportaciones para la Infraestructura Social | B48: 0 | C48: 0 | D48: 0 | E48: 0 | F48: 0 | G48: =F48-B48 -> 0
A49: a4) Fondo de Aportaciones para el Fortalecimiento de los Municipios y de las Demarcaciones Territoriales del Distrito Federal | B49: 0 | C49: 0 | D49: 0 | E49: 0 | F49: 0 | G49: =F49-B49 -> 0
A50: a5) Fondo de Aportaciones Múltiples | B50: 0 | C50: 0 | D50: 0 | E50: 0 | F50: 0 | G50: =F50-B50 -> 0
A51: a6) Fondo de Aportaciones para la Educación Tecnológica y de Adultos | B51: 0 | C51: 0 | D51: 0 | E51: 0 | F51: 0 | G51: =F51-B51 -> 0
A52: a7) Fondo de Aportaciones para la Seguridad Pública de los Estados y del Distrito Federal | B52: 0 | C52: 0 | D52: 0 | E52: 0 | F52: 0 | G52: =F52-B52 -> 0
A53: a8) Fondo de Aportaciones para el Fortalecimiento de las Entidades Federativas | B53: 0 | C53: 0 | D53: 0 | E53: 0 | F53: 0 | G53: =F53-B53 -> 0
A54: B. Convenios (B=b1+b2+b3+b4) | B54: =SUM(B55:B58) -> 0 | C54: =SUM(C55:C58) -> 167300 | D54: =SUM(D55:D58) -> 167300 | E54: =SUM(E55:E58) -> 167300 | F54: =SUM(F55:F58) -> 167300 | G54: =SUM(G55:G58) -> 167300
A55: b1) Convenios de Protección Social en Salud | B55: 0 | C55: 0 | D55: 0 | E55: 0 | F55: 0 | G55: =F55-B55 -> 0
A56: b2) Convenios de Descentralización | B56: 0 | C56: 0 | D56: 0 | E56: 0 | F56: 0 | G56: =F56-B56 -> 0
A57: b3) Convenios de Reasignación | B57: 0 | C57: 0 | D57: 0 | E57: 0 | F57: 0 | G57: =F57-B57 -> 0
A58: b4) Otros Convenios y Subsidios | B58: 0 | C58: 167300 | D58: 167300 | E58: 167300 | F58: 167300 | G58: =F58-B58 -> 167300
A59: C. Fondos Distintos de Aportaciones (C=c1+c2) | B59: =SUM(B60:B61) -> 0 | C59: =SUM(C60:C61) -> 0 | D59: =SUM(D60:D61) -> 0 | E59: =SUM(E60:E61) -> 0 | F59: =SUM(F60:F61) -> 0 | G59: =SUM(G60:G61) -> 0
A60: c1) Fondo para Entidades Federativas y Municipios Productores de Hidrocarburos | B60: 0 | C60: 0 | D60: 0 | E60: 0 | F60: 0 | G60: =F60-B60 -> 0
A61: c2) Fondo Minero | B61: 0 | C61: 0 | D61: 0 | E61: 0 | F61: 0 | G61: =F61-B61 -> 0
A62: D. Transferencias, Subsidios y Subvenciones, y Pensiones y Jubilaciones | B62: 45073660 | C62: 6900000 | D62: 51973660 | E62: 51973660 | F62: 51973660 | G62: =F62-B62 -> 6900000
A63: E. Otras Transferencias Federales Etiquetadas | B63: 0 | C63: 0 | D63: 0 | E63: 0 | F63: 0 | G63: =F63-B63 -> 0
A65: II. Total de Transferencias Federales Etiquetadas (II = A + B + C + D + E) | B65: =B45+B54+B59+B62+B63 -> 45073660 | C65: =C45+C54+C59+C62+C63 -> 7067300 | D65: =D45+D54+D59+D62+D63 -> 52140960 | E65: =E45+E54+E59+E62+E63 -> 52140960 | F65: =F45+F54+F59+F62+F63 -> 52140960 | G65: =G45+G54+G59+G62+G63 -> 7067300
A67: III. Ingresos Derivados de Financiamientos (III = A) | B67: =B68 -> 0 | C67: =C68 -> 0 | D67: =D68 -> 0 | E67: =E68 -> 0 | F67: =F68 -> 0 | G67: =G68 -> 0
A68: A. Ingresos Derivados de Financiamientos | B68: 0 | C68: 0 | D68: 0 | E68: 0 | F68: 0 | G68: =F68-B68 -> 0
A70: IV. Total de Ingresos (IV = I + II + III) | B70: =B41+B65+B67 -> 45073660 | C70: =C41+C65+C67 -> 7970755 | D70: =D41+D65+D67 -> 53044415 | E70: =E41+E65+E67 -> 53044415 | F70: =F41+F65+F67 -> 53044415 | G70: =G41+G65+G67 -> 7970755
A72: Datos Informativos
A73: 1. Ingresos Derivados de Financiamientos con Fuente de Pago de Ingresos de Libre Disposición | B73: 0 | C73: 0 | D73: 0 | E73: 0 | F73: 0 | G73: =F73-B73 -> 0
A74: 2. Ingresos Derivados de Financiamientos con Fuente de Pago de Transferencias Federales Etiquetadas | B74: 0 | C74: 0 | D74: 0 | E74: 0 | F74: 0 | G74: =F74-B74 -> 0
A75: 3. Ingresos Derivados de Financiamientos (3 = 1 + 2) | B75: =B73+B74 -> 0 | C75: =C73+C74 -> 0 | D75: =D73+D74 -> 0 | E75: =E73+E74 -> 0 | F75: =F73+F74 -> 0 | G75: =G73+G74 -> 0

Sheet EAEPED a)
A1: Formato 6 a) Estado Analítico del Ejercicio del Presupuesto de Egresos Detallado - LDF (Clasificación por Objeto del Gasto)
A2: =+ESFD!C2 -> AUDITORIA SUPERIOR DEL ESTADO, GOBIERNO DEL ESTADO DE DURANGO
A3: Estado Analítico del Ejercicio del Presupuesto de Egresos Detallado - LDF
A4: Clasificación por Objeto del Gasto (Capítulo y Concepto)
A5: =+ESFD!C4 -> Al 31 de diciembre de 2024
A6: (PESOS)
A7: Concepto (c) | B7: Egresos | G7: Subejercicio (e)
B8: Aprobado (d) | C8: Ampliaciones/ (Reducciones) | D8: Modificado | E8: Devengado | F8: Pagado
A9: I. Gasto No Etiquetado (I=A+B+C+D+E+F+G+H+I) | B9: =SUM(B10,B18,B28,B38,B48,B58,B62,B71,B75) -> 45073660 | C9: =SUM(C10,C18,C28,C38,C48,C58,C62,C71,C75) -> 7940755 | D9: =SUM(D10,D18,D28,D38,D48,D58,D62,D71,D75) -> 53014415 | E9: =SUM(E10,E18,E28,E38,E48,E58,E62,E71,E75) -> 52318095 | F9: =SUM(F10,F18,F28,F38,F48,F58,F62,F71,F75) -> 48149172 | G9: =SUM(G10,G18,G28,G38,G48,G58,G62,G71,G75) -> 696320
A10: A. Servicios Personales (A=a1+a2+a3+a4+a5+a6+a7) | B10: =SUM(B11:B17) -> 38454806 | C10: =SUM(C11:C17) -> 5868165 | D10: =SUM(D11:D17) -> 44322972 | E10: =SUM(E11:E17) -> 44322972 | F10: =SUM(F11:F17) -> 41369412 | G10: =SUM(G11:G17) -> 0
A11: a1) Remuneraciones al Personal de Carácter Permanente | B11: 18912579 | C11: 2867798 | D11: 21780377 | E11: 21780377 | F11: 21415755 | G11: =D11-E11 -> 0
A12: a2) Remuneraciones al Personal de Carácter Transitorio | B12: 6310870 | C12: 956945 | D12: 7267815 | E12: 7267815 | F12: 7123087 | G12: =D12-E12 -> 0
A13: a3) Remuneraciones Adicionales y Especiales | B13: 5049723 | C13: 765712 | D13: 5815435 | E13: 5815435 | F13: 5400811 | G13: =D13-E13 -> 0
A14: a4) Seguridad Social | B14: 3060866 | C14: 501225 | D14: 3562092 | E14: 3562092 | F14: 3562092 | G14: =D14-E14 -> 0
A15: a5) Otras Prestaciones Sociales y Económicas | B15: 2176255 | C15: 329995 | D15: 2506250 | E15: 2506250 | F15: 476664 | G15: =D15-E15 -> 0
A16: a6) Previsiones | B16: 0 | C16: 0 | D16: 0 | E16: 0 | F16: 0 | G16: =D16-E16 -> 0
A17: a7) Pago de Estímulos a Servidores Públicos | B17: 2944513 | C17: 446490 | D17: 3391003 | E17: 3391003 | F17: 3391003 | G17: =D17-E17 -> 0
A18: B. Materiales y Suministros (B=b1+b2+b3+b4+b5+b6+b7+b8+b9) | B18: =SUM(B19:B27) -> 2991625 | C18: =SUM(C19:C27) -> 210772 | D18: =SUM(D19:D27) -> 3202396 | E18: =SUM(E19:E27) -> 2697778 | F18: =SUM(F19:F27) -> 1572778 | G18: =SUM(G19:G27) -> 504618
A19: b1) Materiales de Administración, Emisión de Documentos y Artículos Oficiales | B19: 1384465 | C19: 210771 | D19: 1595236 | E19: 1250088 | F19: 125088 | G19: =D19-E19 -> 345148
A20: b2) Alimentos y Utensilios | B20: 68957 | C20: 1 | D20: 68957 | E20: 62115 | F20: 62115 | G20: =D20-E20 -> 6842
A21: b3) Materias Primas y Materiales de Producción y Comercialización | B21: 0 | C21: 0 | D21: 0 | E21: 0 | F21: 0 | G21: =D21-E21 -> 0
A22: b4) Materiales y Artículos de Construcción y de Reparación | B22: 14595 | C22: 0 | D22: 14595 | E22: 13147 | F22: 13147 | G22: =D22-E22 -> 1448
A23: b5) Productos Químicos, Farmacéuticos y de Laboratorio | B23: 0 | C23: 0 | D23: 0 | E23: 0 | F23: 0 | G23: =D23-E23 -> 0
A24: b6) Combustibles, Lubricantes y Aditivos | B24: 1082343 | C24: 0 | D24: 1082343 | E24: 974946 | F24: 974946 | G24: =D24-E24 -> 107397
A25: b7) Vestuario, Blancos, Prendas de Protección y Artículos Deportivos | B25: 404927 | C25: 0 | D25: 404927 | E25: 364748 | F25: 364748 | G25: =D25-E25 -> 40179
A26: b8) Materiales y Suministros Para Seguridad | B26: 0 | C26: 0 | D26: 0 | E26: 0 | F26: 0 | G26: =D26-E26 -> 0
A27: b9) Herramientas, Refacciones y Accesorios Menores | B27: 36338 | C27: 0 | D27: 36338 | E27: 32734 | F27: 32734 | G27: =D27-E27 -> 3604
A28: C. Servicios Generales (C=c1+c2+c3+c4+c5+c6+c7+c8+c9) | B28: =SUM(B29:B37) -> 3627229 | C28: =SUM(C29:C37) -> 1338550 | D28: =SUM(D29:D37) -> 4965779 | E28: =SUM(E29:E37) -> 4774077 | F28: =SUM(F29:F37) -> 4683714 | G28: =SUM(G29:G37) -> 191702
A29: c1) Servicios Básicos | B29: 391031 | C29: 138179 | D29: 529210 | E29: 529210 | F29: 529210 | G29: =D29-E29 -> 0
A30: c2) Servicios de Arrendamiento | B30: 290014 | C30: 88447 | D30: 378461 | E30: 378461 | F30: 378461 | G30: =D30-E30 -> 0
A31: c3) Servicios Profesionales, Científicos, Técnicos y Otros Servicios | B31: 255196 | C31: 77829 | D31: 333025 | E31: 333025 | F31: 317732 | G31: =D31-E31 -> 0
A32: c4) Servicios Financieros, Bancarios y Comerciales | B32: 118566 | C32: 44013 | D32: 162579 | E32: 162579 | F32: 162579 | G32: =D32-E32 -> 0
A33: c5) Servicios de Instalación, Reparación, Mantenimiento y Conservación | B33: 1059993 | C33: 323272 | D33: 1383265 | E33: 1383265 | F33: 1383265 | G33: =D33-E33 -> 0
A34: c6) Servicios de Comunicación Social y Publicidad | B34: 0 | C34: 0 | D34: 0 | E34: 0 | F34: 0 | G34: =D34-E34 -> 0
A35: c7) Servicios de Traslado y Viáticos | B35: 1130253 | C35: 522553 | D35: 1652806 | E35: 1474956 | F35: 1473732 | G35: =D35-E35 -> 177850
A36: c8) Servicios Oficiales | B36: 328973 | C36: 114180 | D36: 443153 | E36: 443153 | F36: 369307 | G36: =D36-E36 -> 0
A37: c9) Otros Servicios Generales | B37: 53203 | C37: 30077 | D37: 83280 | E37: 69428 | F37: 69428 | G37: =D37-E37 -> 13852
A38: D. Transferencias, Asignaciones, Subsidios y Otras Ayudas (D=d1+d2+d3+d4+d5+d6+d7+d8+d9) | B38: =SUM(B39:B47) -> 0 | C38: =SUM(C39:C47) -> 0 | D38: =SUM(D39:D47) -> 0 | E38: =SUM(E39:E47) -> 0 | F38: =SUM(F39:F47) -> 0 | G38: =SUM(G39:G47) -> 0
A39: d1) Transferencias Internas y Asignaciones al Sector Público | B39: 0 | C39: 0 | D39: 0 | E39: 0 | F39: 0 | G39: =D39-E39 -> 0
A40: d2) Transferencias al Resto del Sector Público | B40: 0 | C40: 0 | D40: 0 | E40: 0 | F40: 0 | G40: =D40-E40 -> 0
A41: d3) Subsidios y Subvenciones | B41: 0 | C41: 0 | D41: 0 | E41: 0 | F41: 0 | G41: =D41-E41 -> 0
A42: d4) Ayudas Sociales | B42: 0 | C42: 0 | D42: 0 | E42: 0 | F42: 0 | G42: =D42-E42 -> 0
A43: d5) Pensiones y Jubilaciones | B43: 0 | C43: 0 | D43: 0 | E43: 0 | F43: 0 | G43: =D43-E43 -> 0
A44: d6) Transferencias a Fideicomisos, Mandatos y Otros Análogos | B44: 0 | C44: 0 | D44: 0 | E44: 0 | F44: 0 | G44: =D44-E44 -> 0
A45: d7) Transferencias a la Seguridad Social | B45: 0 | C45: 0 | D45: 0 | E45: 0 | F45: 0 | G45: =D45-E45 -> 0
A46: d8) Donativos | B46: 0 | C46: 0 | D46: 0 | E46: 0 | F46: 0 | G46: =D46-E46 -> 0
A47: d9) Transferencias al Exterior | B47: 0 | C47: 0 | D47: 0 | E47: 0 | F47: 0 | G47: =D47-E47 -> 0
A48: E. Bienes Muebles, Inmuebles e Intangibles (E=e1+e2+e3+e4+e5+e6+e7+e8+e9) | B48: =SUM(B49:B57) -> 0 | C48: =SUM(C49:C57) -> 523268 | D48: =SUM(D49:D57) -> 523268 | E48: =SUM(E49:E57) -> 523268 | F48: =SUM(F49:F57) -> 523268 | G48: =SUM(G49:G57) -> 0
A49: e1) Mobiliario y Equipo de Administración | B49: 0 | C49: 501193 | D49: 501193 | E49: 501193 | F49: 501193 | G49: =D49-E49 -> 0
A50: e2) Mobiliario y Equipo Educacional y Recreativo | B50: 0 | C50: 22075 | D50: 22075 | E50: 22075 | F50: 22075 | G50: =D50-E50 -> 0
A51: e3) Equipo e Instrumental Médico y de Laboratorio | B51: 0 | C51: 0 | D51: 0 | E51: 0 | F51: 0 | G51: =D51-E51 -> 0
A52: e4) Vehículos y Equipo de Transporte | B52: 0 | C52: 0 | D52: 0 | E52: 0 | F52: 0 | G52: =D52-E52 -> 0
A53: e5) Equipo de Defensa y Seguridad | B53: 0 | C53: 0 | D53: 0 | E53: 0 | F53: 0 | G53: =D53-E53 -> 0
A54: e6) Maquinaria, Otros Equipos y Herramientas | B54: 0 | C54: 0 | D54: 0 | E54: 0 | F54: 0 | G54: =D54-E54 -> 0
A55: e7) Activos Biológicos | B55: 0 | C55: 0 | D55: 0 | E55: 0 | F55: 0 | G55: =D55-E55 -> 0
A56: e8) Bienes Inmuebles | B56: 0 | C56: 0 | D56: 0 | E56: 0 | F56: 0 | G56: =D56-E56 -> 0
A57: e9) Activos Intangibles | B57: 0 | C57: 0 | D57: 0 | E57: 0 | F57: 0 | G57: =D57-E57 -> 0
A58: F. Inversión Pública (F=f1+f2+f3) | B58: =SUM(B59:B61) -> 0 | C58: =SUM(C59:C61) -> 0 | D58: =SUM(D59:D61) -> 0 | E58: =SUM(E59:E61) -> 0 | F58: =SUM(F59:F61) -> 0 | G58: =SUM(G59:G61) -> 0
A59: f1) Obra Pública en Bienes de Dominio Público | B59: 0 | C59: 0 | D59: 0 | E59: 0 | F59: 0 | G59: =D59-E59 -> 0
A60: f2) Obra Pública en Bienes Propios | B60: 0 | C60: 0 | D60: 0 | E60: 0 | F60: 0 | G60: =D60-E60 -> 0
A61: f3) Proyectos Productivos y Acciones de Fomento | B61: 0 | C61: 0 | D61: 0 | E61: 0 | F61: 0 | G61: =D61-E61 -> 0
A62: G. Inversiones Financieras y Otras Provisiones (G=g1+g2+g3+g4+g5+g6+g7) | B62: =SUM(B63:B67,B69:B70) -> 0 | C62: =SUM(C63:C67,C69:C70) -> 0 | D62: =SUM(D63:D67,D69:D70) -> 0 | E62: =SUM(E63:E67,E69:E70) -> 0 | F62: =SUM(F63:F67,F69:F70) -> 0 | G62: =SUM(G63:G67,G69:G70) -> 0
A63: g1) Inversiones Para el Fomento de Actividades Productivas | B63: 0 | C63: 0 | D63: 0 | E63: 0 | F63: 0 | G63: =D63-E63 -> 0
A64: g2) Acciones y Participaciones de Capital | B64: 0 | C64: 0 | D64: 0 | E64: 0 | F64: 0 | G64: =D64-E64 -> 0
A65: g3) Compra de Títulos y Valores | B65: 0 | C65: 0 | D65: 0 | E65: 0 | F65: 0 | G65: =D65-E65 -> 0
A66: g4) Concesión de Préstamos | B66: 0 | C66: 0 | D66: 0 | E66: 0 | F66: 0 | G66: =D66-E66 -> 0
A67: g5) Inversiones en Fideicomisos, Mandatos y Otros Análogos | B67: 0 | C67: 0 | D67: 0 | E67: 0 | F67: 0 | G67: =D67-E67 -> 0
A68: Fideicomiso de Desastres Naturales (Informativo) | B68: 0 | C68: 0 | D68: 0 | E68: 0 | F68: 0 | G68: =D68-E68 -> 0
A69: g6) Otras Inversiones Financieras | B69: 0 | C69: 0 | D69: 0 | E69: 0 | F69: 0 | G69: =D69-E69 -> 0
A70: g7) Provisiones para Contingencias y Otras Erogaciones Especiales | B70: 0 | C70: 0 | D70: 0 | E70: 0 | F70: 0 | G70: =D70-E70 -> 0
A71: H. Participaciones y Aportaciones (H=h1+h2+h3) | B71: =SUM(B72:B74) -> 0 | C71: =SUM(C72:C74) -> 0 | D71: =SUM(D72:D74) -> 0 | E71: =SUM(E72:E74) -> 0 | F71: =SUM(F72:F74) -> 0 | G71: =SUM(G72:G74) -> 0
A72: h1) Participaciones | B72: 0 | C72: 0 | D72: 0 | E72: 0 | F72: 0 | G72: =D72-E72 -> 0
A73: h2) Aportaciones | B73: 0 | C73: 0 | D73: 0 | E73: 0 | F73: 0 | G73: =D73-E73 -> 0
A74: h3) Convenios | B74: 0 | C74: 0 | D74: 0 | E74: 0 | F74: 0 | G74: =D74-E74 -> 0
A75: I. Deuda Pública (I=i1+i2+i3+i4+i5+i6+i7) | B75: =SUM(B76:B82) -> 0 | C75: =SUM(C76:C82) -> 0 | D75: =SUM(D76:D82) -> 0 | E75: =SUM(E76:E82) -> 0 | F75: =SUM(F76:F82) -> 0 | G75: =SUM(G76:G82) -> 0
A76: i1) Amortización de la Deuda Pública | B76: 0 | C76: 0 | D76: 0 | E76: 0 | F76: 0 | G76: =D76-E76 -> 0
A77: i2) Intereses de la Deuda Pública | B77: 0 | C77: 0 | D77: 0 | E77: 0 | F77: 0 | G77: =D77-E77 -> 0
A78: i3) Comisiones de la Deuda Pública | B78: 0 | C78: 0 | D78: 0 | E78: 0 | F78: 0 | G78: =D78-E78 -> 0
A79: i4) Gastos de la Deuda Pública | B79: 0 | C79: 0 | D79: 0 | E79: 0 | F79: 0 | G79: =D79-E79 -> 0
A80: i5) Costo por Coberturas | B80: 0 | C80: 0 | D80: 0 | E80: 0 | F80: 0 | G80: =D80-E80 -> 0
A81: i6) Apoyos Financieros | B81: 0 | C81: 0 | D81: 0 | E81: 0 | F81: 0 | G81: =D81-E81 -> 0
A82: i7) Adeudos de Ejercicios Fiscales Anteriores (ADEFAS) | B82: 0 | C82: 0 | D82: 0 | E82: 0 | F82: 0 | G82: =D82-E82 -> 0
A84: II. Gasto Etiquetado (II=A+B+C+D+E+F+G+H+I) | B84: =SUM(B85,B93,B103,B113,B123,B133,B137,B146,B150) -> 0 | C84: =SUM(C85,C93,C103,C113,C123,C133,C137,C146,C150) -> 0 | D84: =SUM(D85,D93,D103,D113,D123,D133,D137,D146,D150) -> 0 | E84: =SUM(E85,E93,E103,E113,E123,E133,E137,E146,E150) -> 0 | F84: =SUM(F85,F93,F103,F113,F123,F133,F137,F146,F150) -> 0 | G84: =SUM(G85,G93,G103,G113,G123,G133,G137,G146,G150) -> 0
A85: A. Servicios Personales (A=a1+a2+a3+a4+a5+a6+a7) | B85: =SUM(B86:B92) -> 0 | C85: =SUM(C86:C92) -> 0 | D85: =SUM(D86:D92) -> 0 | E85: =SUM(E86:E92) -> 0 | F85: =SUM(F86:F92) -> 0 | G85: =SUM(G86:G92) -> 0
A86: a1) Remuneraciones al Personal de Carácter Permanente | B86: 0 | C86: 0 | D86: 0 | E86: 0 | F86: 0 | G86: =D86-E86 -> 0
A87: a2) Remuneraciones al Personal de Carácter Transitorio | B87: 0 | C87: 0 | D87: 0 | E87: 0 | F87: 0 | G87: =D87-E87 -> 0
A88: a3) Remuneraciones Adicionales y Especiales | B88: 0 | C88: 0 | D88: 0 | E88: 0 | F88: 0 | G88: =D88-E88 -> 0
A89: a4) Seguridad Social | B89: 0 | C89: 0 | D89: 0 | E89: 0 | F89: 0 | G89: =D89-E89 -> 0
A90: a5) Otras Prestaciones Sociales y Económicas | B90: 0 | C90: 0 | D90: 0 | E90: 0 | F90: 0 | G90: =D90-E90 -> 0
A91: a6) Previsiones | B91: 0 | C91: 0 | D91: 0 | E91: 0 | F91: 0 | G91: =D91-E91 -> 0
A92: a7) Pago de Estímulos a Servidores Públicos | B92: 0 | C92: 0 | D92: 0 | E92: 0 | F92: 0 | G92: =D92-E92 -> 0
A93: B. Materiales y Suministros (B=b1+b2+b3+b4+b5+b6+b7+b8+b9) | B93: =SUM(B94:B102) -> 0 | C93: =SUM(C94:C102) -> 0 | D93: =SUM(D94:D102) -> 0 | E93: =SUM(E94:E102) -> 0 | F93: =SUM(F94:F102) -> 0 | G93: =SUM(G94:G102) -> 0
A94: b1) Materiales de Administración, Emisión de Documentos y Artículos Oficiales | B94: 0 | C94: 0 | D94: 0 | E94: 0 | F94: 0 | G94: =D94-E94 -> 0
A95: b2) Alimentos y Utensilios | B95: 0 | C95: 0 | D95: 0 | E95: 0 | F95: 0 | G95: =D95-E95 -> 0
A96: b3) Materias Primas y Materiales de Producción y Comercialización | B96: 0 | C96: 0 | D96: 0 | E96: 0 | F96: 0 | G96: =D96-E96 -> 0
A97: b4) Materiales y Artículos de Construcción y de Reparación | B97: 0 | C97: 0 | D97: 0 | E97: 0 | F97: 0 | G97: =D97-E97 -> 0
A98: b5) Productos Químicos, Farmacéuticos y de Laboratorio | B98: 0 | C98: 0 | D98: 0 | E98: 0 | F98: 0 | G98: =D98-E98 -> 0
A99: b6) Combustibles, Lubricantes y Aditivos | B99: 0 | C99: 0 | D99: 0 | E99: 0 | F99: 0 | G99: =D99-E99 -> 0
A100: b7) Vestuario, Blancos, Prendas de Protección y Artículos Deportivos | B100: 0 | C100: 0 | D100: 0 | E100: 0 | F100: 0 | G100: =D100-E100 -> 0
A101: b8) Materiales y Suministros Para Seguridad | B101: 0 | C101: 0 | D101: 0 | E101: 0 | F101: 0 | G101: =D101-E101 -> 0
...

Sheet EAEPED b)
A1: Formato 6 b) Estado Analítico del Ejercicio del Presupuesto de Egresos Detallado - LDF (Clasificación Administrativa)
A2: =+ESFD!C2 -> AUDITORIA SUPERIOR DEL ESTADO, GOBIERNO DEL ESTADO DE DURANGO
A3: Estado Analítico del Ejercicio del Presupuesto de Egresos Detallado - LDF
A4: Clasificación Administrativa
A5: =+ESFD!C4 -> Al 31 de diciembre de 2024
A6: (PESOS)
A7: Concepto (c) | B7: Egresos | G7: Subejercicio (e)
B8: Aprobado (d) | C8: Ampliaciones/ (Reducciones) | D8: Modificado | E8: Devengado | F8: Pagado
A9: I. Gasto No Etiquetado (I=A+B+C+D+E+F+G+H) | B9: =SUM(B10:GASTO_NE_FIN_01) -> 46073660 | C9: =SUM(C10:GASTO_NE_FIN_02) -> 7940754 | D9: =SUM(D10:GASTO_NE_FIN_03) -> 53014414 | E9: =SUM(E10:GASTO_NE_FIN_04) -> 52318091 | F9: =SUM(F10:GASTO_NE_FIN_05) -> 48149172 | G9: =SUM(G10:GASTO_NE_FIN_06) -> 696323
A10: A. Auditoria Superior del Estado de Durango | B10: 46073660 | C10: 7940754 | D10: 53014414 | E10: 52318091 | F10: 48149172 | G10: =D10-E10 -> 696323
A18: *
A19: II. Gasto Etiquetado (II=A+B+C+D+E+F+G+H) | B19: =SUM(B20:GASTO_E_FIN_01) -> 0 | C19: =SUM(C20:GASTO_E_FIN_02) -> 0 | D19: =SUM(D20:GASTO_E_FIN_03) -> 0 | E19: =SUM(E20:GASTO_E_FIN_04) -> 0 | F19: =SUM(F20:GASTO_E_FIN_05) -> 0 | G19: =SUM(G20:GASTO_E_FIN_06) -> 0
A20: A. Auditoria Superior del Estado de Durango | B20: 0 | C20: 0 | D20: 0 | E20: 0 | F20: 0 | G20: =D20-E20 -> 0
A28: *
A29: III. Total de Egresos (III = I + II) | B29: =GASTO_NE_T1+GASTO_E_T1 -> 46073660 | C29: =GASTO_NE_T2+GASTO_E_T2 -> 7940754 | D29: =GASTO_NE_T3+GASTO_E_T3 -> 53014414 | E29: =GASTO_NE_T4+GASTO_E_T4 -> 52318091 | F29: =GASTO_NE_T5+GASTO_E_T5 -> 48149172 | G29: =GASTO_NE_T6+GASTO_E_T6 -> 696323

Sheet EAEPED c)
A1: Formato 6 c) Estado Analítico del Ejercicio del Presupuesto de Egresos Detallado -LDF (Claisificación Funcional)
A2: =+ESFD!C2 -> AUDITORIA SUPERIOR DEL ESTADO, GOBIERNO DEL ESTADO DE DURANGO
A3: Estado Analítico del Ejercicio del Presupueso de Egresos Detallado - LDF
A4: Clasificación Funcional (Finalidad y Función)
A5: =+ESFD!C4 -> Al 31 de diciembre de 2024
A6: (PESOS)
A7: Concepto (c) | B7: Egresos | G7: Subejercicio (e)
B8: Aprobado (d) | C8: Ampliaciones / (Reducciones) | D8: Modificado | E8: Devengado | F8: Pagado
A9: I. Gasto No Etiquetado (I=A+B+C+D) | B9: =SUM(B10,B19,B27,B37) -> 45073660 | C9: =SUM(C10,C19,C27,C37) -> 7940754 | D9: =SUM(D10,D19,D27,D37) -> 53014414 | E9: =SUM(E10,E19,E27,E37) -> 52318091 | F9: =SUM(F10,F19,F27,F37) -> 48149173 | G9: =SUM(G10,G19,G27,G37) -> 696323
A10: A. Gobierno (A=a1+a2+a3+a4+a5+a6+a7+a8) | B10: =SUM(B11:B18) -> 45073660 | C10: =SUM(C11:C18) -> 7940754 | D10: =SUM(D11:D18) -> 53014414 | E10: =SUM(E11:E18) -> 52318091 | F10: =SUM(F11:F18) -> 48149173 | G10: =SUM(G11:G18) -> 696323
A11: a1) Legislación | B11: 45073660 | C11: 7940754 | D11: 53014414 | E11: 52318091 | F11: 48149172 | G11: =D11-E11 -> 696323
A12: a2) Justicia | B12: 0 | C12: 0 | D12: 0 | E12: 0 | F12: 0 | G12: =D12-E12 -> 0
A13: a3) Coordinación de la Política de Gobierno | B13: 0 | C13: 0 | D13: 0 | E13: 0 | F13: 0 | G13: =D13-E13 -> 0
A14: a4) Relaciones Exteriores | B14: 0 | C14: 0 | D14: 0 | E14: 0 | F14: 0 | G14: =D14-E14 -> 0
A15: a5) Asuntos Financieros y Hacendarios | B15: 0 | C15: 0 | D15: 0 | E15: 0 | F15: 0 | G15: =D15-E15 -> 0
A16: a6) Seguridad Nacional | B16: 0 | C16: 0 | D16: 0 | E16: 0 | F16: 0 | G16: =D16-E16 -> 0
A17: a7) Asuntos de Orden Público y de Seguridad Interior | B17: 0 | C17: 0 | D17: 0 | E17: 0 | F17: 0 | G17: =D17-E17 -> 0
A18: a8) Otros Servicios Generales | B18: 0 | C18: 0 | D18: 0 | E18: 0 | F18: 1 | G18: =D18-E18 -> 0
A19: B. Desarrollo Social (B=b1+b2+b3+b4+b5+b6+b7) | B19: =SUM(B20:B26) -> 0 | C19: =SUM(C20:C26) -> 0 | D19: =SUM(D20:D26) -> 0 | E19: =SUM(E20:E26) -> 0 | F19: =SUM(F20:F26) -> 0 | G19: =SUM(G20:G26) -> 0
A20: b1) Protección Ambiental | B20: 0 | C20: 0 | D20: 0 | E20: 0 | F20: 0 | G20: =D20-E20 -> 0
A21: b2) Vivienda y Servicios a la Comunidad | B21: 0 | C21: 0 | D21: 0 | E21: 0 | F21: 0 | G21: =D21-E21 -> 0
A22: b3) Salud | B22: 0 | C22: 0 | D22: 0 | E22: 0 | F22: 0 | G22: =D22-E22 -> 0
A23: b4) Recreación, Cultura y Otras Manifestaciones Sociales | B23: 0 | C23: 0 | D23: 0 | E23: 0 | F23: 0 | G23: =D23-E23 -> 0
A24: b5) Educación | B24: 0 | C24: 0 | D24: 0 | E24: 0 | F24: 0 | G24: =D24-E24 -> 0
A25: b6) Protección Social | B25: 0 | C25: 0 | D25: 0 | E25: 0 | F25: 0 | G25: =D25-E25 -> 0
A26: b7) Otros Asuntos Sociales | B26: 0 | C26: 0 | D26: 0 | E26: 0 | F26: 0 | G26: =D26-E26 -> 0
A27: C. Desarrollo Económico (C=c1+c2+c3+c4+c5+c6+c7+c8+c9) | B27: =SUM(B28:B36) -> 0 | C27: =SUM(C28:C36) -> 0 | D27: =SUM(D28:D36) -> 0 | E27: =SUM(E28:E36) -> 0 | F27: =SUM(F28:F36) -> 0 | G27: =SUM(G28:G36) -> 0
A28: c1) Asuntos Económicos, Comerciales y Laborales en General | B28: 0 | C28: 0 | D28: 0 | E28: 0 | F28: 0 | G28: =D28-E28 -> 0
A29: c2) Agropecuaria, Silvicultura, Pesca y Caza | B29: 0 | C29: 0 | D29: 0 | E29: 0 | F29: 0 | G29: =D29-E29 -> 0
A30: c3) Combustibles y Energía | B30: 0 | C30: 0 | D30: 0 | E30: 0 | F30: 0 | G30: =D30-E30 -> 0
A31: c4) Minería, Manufacturas y Construcción | B31: 0 | C31: 0 | D31: 0 | E31: 0 | F31: 0 | G31: =D31-E31 -> 0
A32: c5) Transporte | B32: 0 | C32: 0 | D32: 0 | E32: 0 | F32: 0 | G32: =D32-E32 -> 0
A33: c6) Comunicaciones | B33: 0 | C33: 0 | D33: 0 | E33: 0 | F33: 0 | G33: =D33-E33 -> 0
A34: c7) Turismo | B34: 0 | C34: 0 | D34: 0 | E34: 0 | F34: 0 | G34: =D34-E34 -> 0
A35: c8) Ciencia, Tecnología e Innovación | B35: 0 | C35: 0 | D35: 0 | E35: 0 | F35: 0 | G35: =D35-E35 -> 0
A36: c9) Otras Industrias y Otros Asuntos Económicos | B36: 0 | C36: 0 | D36: 0 | E36: 0 | F36: 0 | G36: =D36-E36 -> 0
A37: D. Otras No Clasificadas en Funciones Anteriores (D=d1+d2+d3+d4) | B37: =SUM(B38:B41) -> 0 | C37: =SUM(C38:C41) -> 0 | D37: =SUM(D38:D41) -> 0 | E37: =SUM(E38:E41) -> 0 | F37: =SUM(F38:F41) -> 0 | G37: =SUM(G38:G41) -> 0
A38: d1) Transacciones de la Deuda Pública / Costo Financiero de la Deuda | B38: 0 | C38: 0 | D38: 0 | E38: 0 | F38: 0 | G38: =D38-E38 -> 0
A39: d2) Transferencias, Participaciones y Aportaciones Entre Diferentes Niveles y Órdenes de Gobierno | B39: 0 | C39: 0 | D39: 0 | E39: 0 | F39: 0 | G39: =D39-E39 -> 0
A40: d3) Saneamiento del Sistema Financiero | B40: 0 | C40: 0 | D40: 0 | E40: 0 | F40: 0 | G40: =D40-E40 -> 0
A41: d4) Adeudos de Ejercicios Fiscales Anteriores | B41: 0 | C41: 0 | D41: 0 | E41: 0 | F41: 0 | G41: =D41-E41 -> 0
A43: II: Gasto Etiquetado (II=A+B+C+D) | B43: =SUM(B44,B53,B61,B71) -> 0 | C43: =SUM(C44,C53,C61,C71) -> 0 | D43: =SUM(D44,D53,D61,D71) -> 0 | E43: =SUM(E44,E53,E61,E71) -> 0 | F43: =SUM(F44,F53,F61,F71) -> 0 | G43: =SUM(G44,G53,G61,G71) -> 0
A44: A. Gobierno (A=a1+a2+a3+a4+a5+a6+a7a+a8) | B44: =SUM(B45:B52) -> 0 | C44: =SUM(C45:C52) -> 0 | D44: =SUM(D45:D52) -> 0 | E44: =SUM(E45:E52) -> 0 | F44: =SUM(F45:F52) -> 0 | G44: =SUM(G45:G52) -> 0
A45: a1) Legislación | B45: 0 | C45: 0 | D45: 0 | E45: 0 | F45: 0 | G45: =D45-E45 -> 0
A46: a2) Justicia | B46: 0 | C46: 0 | D46: 0 | E46: 0 | F46: 0 | G46: =D46-E46 -> 0
A47: a3) Coordinación de la Política de Gobierno | B47: 0 | C47: 0 | D47: 0 | E47: 0 | F47: 0 | G47: =D47-E47 -> 0
A48: a4) Relaciones Exteriores | B48: 0 | C48: 0 | D48: 0 | E48: 0 | F48: 0 | G48: =D48-E48 -> 0
A49: a5) Asuntos Financieros y Hacendarios | B49: 0 | C49: 0 | D49: 0 | E49: 0 | F49: 0 | G49: =D49-E49 -> 0
A50: a6) Seguridad Nacional | B50: 0 | C50: 0 | D50: 0 | E50: 0 | F50: 0 | G50: =D50-E50 -> 0
A51: a7) Asuntos de Orden Público y de Seguridad Interior | B51: 0 | C51: 0 | D51: 0 | E51: 0 | F51: 0 | G51: =D51-E51 -> 0
A52: a8) Otros Servicios Generales | B52: 0 | C52: 0 | D52: 0 | E52: 0 | F52: 0 | G52: =D52-E52 -> 0
A53: B. Desarrollo Social (B=b1+b2+b3+b4+b5+b6+b7) | B53: =SUM(B54:B60) -> 0 | C53: =SUM(C54:C60) -> 0 | D53: =SUM(D54:D60) -> 0 | E53: =SUM(E54:E60) -> 0 | F53: =SUM(F54:F60) -> 0 | G53: =SUM(G54:G60) -> 0
A54: b1) Protección Ambiental | B54: 0 | C54: 0 | D54: 0 | E54: 0 | F54: 0 | G54: =D54-E54 -> 0
A55: b2) Vivienda y Servicios a la Comunidad | B55: 0 | C55: 0 | D55: 0 | E55: 0 | F55: 0 | G55: =D55-E55 -> 0
A56: b3) Salud | B56: 0 | C56: 0 | D56: 0 | E56: 0 | F56: 0 | G56: =D56-E56 -> 0
A57: b4) Recreación, Cultura y Otras Manifestaciones Sociales | B57: 0 | C57: 0 | D57: 0 | E57: 0 | F57: 0 | G57: =D57-E57 -> 0
A58: b5) Educación | B58: 0 | C58: 0 | D58: 0 | E58: 0 | F58: 0 | G58: =D58-E58 -> 0
A59: b6) Protección Social | B59: 0 | C59: 0 | D59: 0 | E59: 0 | F59: 0 | G59: =D59-E59 -> 0
A60: b7) Otros Asuntos Sociales | B60: 0 | C60: 0 | D60: 0 | E60: 0 | F60: 0 | G60: =D60-E60 -> 0
A61: C. Desarrollo Económico (C=c1+c2+c3+c4+c5+c6+c7+c8+c9) | B61: =SUM(B62:B70) -> 0 | C61: =SUM(C62:C70) -> 0 | D61: =SUM(D62:D70) -> 0 | E61: =SUM(E62:E70) -> 0 | F61: =SUM(F62:F70) -> 0 | G61: =SUM(G62:G70) -> 0
A62: c1) Asuntos Económicos, Comerciales y Laborales en General | B62: 0 | C62: 0 | D62: 0 | E62: 0 | F62: 0 | G62: =D62-E62 -> 0
A63: c2) Agropecuaria, Silvicultura, Pesca y Caza | B63: 0 | C63: 0 | D63: 0 | E63: 0 | F63: 0 | G63: =D63-E63 -> 0
A64: c3) Combustibles y Energía | B64: 0 | C64: 0 | D64: 0 | E64: 0 | F64: 0 | G64: =D64-E64 -> 0
A65: c4) Minería, Manufacturas y Construcción | B65: 0 | C65: 0 | D65: 0 | E65: 0 | F65: 0 | G65: =D65-E65 -> 0
A66: c5) Transporte | B66: 0 | C66: 0 | D66: 0 | E66: 0 | F66: 0 | G66: =D66-E66 -> 0
A67: c6) Comunicaciones | B67: 0 | C67: 0 | D67: 0 | E67: 0 | F67: 0 | G67: =D67-E67 -> 0
A68: c7) Turismo | B68: 0 | C68: 0 | D68: 0 | E68: 0 | F68: 0 | G68: =D68-E68 -> 0
A69: c8) Ciencia, Tecnología e Innovación | B69: 0 | C69: 0 | D69: 0 | E69: 0 | F69: 0 | G69: =D69-E69 -> 0
A70: c9) Otras Industrias y Otros Asuntos Económicos | B70: 0 | C70: 0 | D70: 0 | E70: 0 | F70: 0 | G70: =D70-E70 -> 0
A71: D. Otras No Clasificadas en Funciones Anteriores (D=d1+d2+d3+d4) | B71: =SUM(B72:B75) -> 0 | C71: =SUM(C72:C75) -> 0 | D71: =SUM(D72:D75) -> 0 | E71: =SUM(E72:E75) -> 0 | F71: =SUM(F72:F75) -> 0 | G71: =SUM(G72:G75) -> 0
A72: d1) Transacciones de la Deuda Pública / Costo Financiero de la Deuda | B72: 0 | C72: 0 | D72: 0 | E72: 0 | F72: 0 | G72: =D72-E72 -> 0
A73: d2) Transferencias, Participaciones y Aportaciones Entre Diferentes Niveles y Órdenes de Gobierno | B73: 0 | C73: 0 | D73: 0 | E73: 0 | F73: 0 | G73: =D73-E73 -> 0
A74: d3) Saneamiento del Sistema Financiero | B74: 0 | C74: 0 | D74: 0 | E74: 0 | F74: 0 | G74: =D74-E74 -> 0
A75: d4) Adeudos de Ejercicios Fiscales Anteriores | B75: 0 | C75: 0 | D75: 0 | E75: 0 | F75: 0 | G75: =D75-E75 -> 0
A77: III. Total de Egresos (III = I + II) | B77: =B43+B9 -> 45073660 | C77: =C43+C9 -> 7940754 | D77: =D43+D9 -> 53014414 | E77: =E43+E9 -> 52318091 | F77: =F43+F9 -> 48149173 | G77: =G43+G9 -> 696323

Sheet EAEPED d)
A1: Formato 6 d) Estado Analítico del Ejercicio del Presupuesto de Egresos Detallado - LDF (Clasificación de Servicios Personales por Categoría)
A2: =+ESFD!C2 -> AUDITORIA SUPERIOR DEL ESTADO, GOBIERNO DEL ESTADO DE DURANGO
A3: Estado Analítico del Ejercicio del Presupuesto de Egresos Detallado - LDF
A4: Clasificación de Servicios Personales por Categoría
A5: =+ESFD!C4 -> Al 31 de diciembre de 2024
A6: (PESOS)
A7: Concepto ( c ) | B7: Egresos | G7: Subejercicio (e)
B8: Aprobado (d) | C8: Ampliaciones / (Reducciones) | D8: Modificado | E8: Devengado | F8: Pagado
A9: I. Gasto No Etiquetado (I=A+B+C+D+E+F) | B9: =SUM(B10,B11,B12,B15,B16,B19) -> 45073660 | C9: =SUM(C10,C11,C12,C15,C16,C19) -> 7940754 | D9: =SUM(D10,D11,D12,D15,D16,D19) -> 53014414 | E9: =SUM(E10,E11,E12,E15,E16,E19) -> 52318091 | F9: =SUM(F10,F11,F12,F15,F16,F19) -> 48149172 | G9: =SUM(G10,G11,G12,G15,G16,G19) -> 696323
A10: A. Personal Administrativo | B10: 45073660 | C10: 7940754 | D10: 53014414 | E10: 52318091 | F10: 48149172 | G10: =D10-E10 -> 696323
A11: B. Magisterio | B11: 0 | C11: 0 | D11: 0 | E11: 0 | F11: 0 | G11: =D11-E11 -> 0
A12: C. Servicios de Salud (C=c1+c2) | B12: =B13+B14 -> 0 | C12: =C13+C14 -> 0 | D12: =D13+D14 -> 0 | E12: =E13+E14 -> 0 | F12: =F13+F14 -> 0 | G12: =G13+G14 -> 0
A13: c1) Personal Administrativo | B13: 0 | C13: 0 | D13: 0 | E13: 0 | F13: 0 | G13: =D13-E13 -> 0
A14: c2) Personal Médico, paramédico y afín | B14: 0 | C14: 0 | D14: 0 | E14: 0 | F14: 0 | G14: =D14-E14 -> 0
A15: D. Seguridad Pública | B15: 0 | C15: 0 | D15: 0 | E15: 0 | F15: 0 | G15: =D15-E15 -> 0
A16: E. Gastos asociados a la implementación de nuevas leyes federales o reformas a las mismas (E=e1+e2) | B16: =B17+B18 -> 0 | C16: =C17+C18 -> 0 | D16: =D17+D18 -> 0 | E16: =E17+E18 -> 0 | F16: =F17+F18 -> 0 | G16: =G17+G18 -> 0
A17: e1) Nombre del Programa o Ley 1 | B17: 0 | C17: 0 | D17: 0 | E17: 0 | F17: 0 | G17: =D17-E17 -> 0
A18: e2) Nombre del Programa o Ley 2 | B18: 0 | C18: 0 | D18: 0 | E18: 0 | F18: 0 | G18: =D18-E18 -> 0
A19: F. Sentencias laborales definitivas | B19: 0 | C19: 0 | D19: 0 | E19: 0 | F19: 0 | G19: =D19-E19 -> 0
A21: II. Gasto Etiquetado (I=A+B+C+D+E+F) | B21: =SUM(B22,B23,B24,B27,B28,B31) -> 0 | C21: =SUM(C22,C23,C24,C27,C28,C31) -> 0 | D21: =SUM(D22,D23,D24,D27,D28,D31) -> 0 | E21: =SUM(E22,E23,E24,E27,E28,E31) -> 0 | F21: =SUM(F22,F23,F24,F27,F28,F31) -> 0 | G21: =SUM(G22,G23,G24,G27,G28,G31) -> 0
A22: A. Personal Administrativo | B22: 0 | C22: 0 | D22: 0 | E22: 0 | F22: 0 | G22: =D22-E22 -> 0
A23: B. Magisterio | B23: 0 | C23: 0 | D23: 0 | E23: 0 | F23: 0 | G23: =D23-E23 -> 0
A24: C. Servicios de Salud (C=c1+c2) | B24: =B25+B26 -> 0 | C24: =C25+C26 -> 0 | D24: =D25+D26 -> 0 | E24: =E25+E26 -> 0 | F24: =F25+F26 -> 0 | G24: =G25+G26 -> 0
A25: c1) Personal Administrativo | B25: 0 | C25: 0 | D25: 0 | E25: 0 | F25: 0 | G25: =D25-E25 -> 0
A26: c2) Personal Médico, paramédico y afín | B26: 0 | C26: 0 | D26: 0 | E26: 0 | F26: 0 | G26: =D26-E26 -> 0
A27: D. Seguridad Pública | B27: 0 | C27: 0 | D27: 0 | E27: 0 | F27: 0 | G27: =D27-E27 -> 0
A28: E. Gastos asociados a la implementación de nuevas leyes federales o reformas a las mismas (E=e1+e2) | B28: =B29+B30 -> 0 | C28: =C29+C30 -> 0 | D28: =D29+D30 -> 0 | E28: =E29+E30 -> 0 | F28: =F29+F30 -> 0 | G28: =G29+G30 -> 0
A29: e1) Nombre del Programa o Ley 1 | B29: 0 | C29: 0 | D29: 0 | E29: 0 | F29: 0 | G29: =D29-E29 -> 0
A30: e2) Nombre del Programa o Ley 2 | B30: 0 | C30: 0 | D30: 0 | E30: 0 | F30: 0 | G30: =D30-E30 -> 0
A31: F. Sentencias laborales definitivas | B31: 0 | C31: 0 | D31: 0 | E31: 0 | F31: 0 | G31: =D31-E31 -> 0
A33: III. Total de Gasto en Servicios Personales (III = I + II) | B33: =B21+B9 -> 45073660 | C33: =C21+C9 -> 7940754 | D33: =D21+D9 -> 53014414 | E33: =E21+E9 -> 52318091 | F33: =F21+F9 -> 48149172 | G33: =G21+G9 -> 696323
